 Dungeon Crawl Stone Soup version 0.32-a0-473-gd044c6f0f0 (webtiles) character file.

Game seed: 10452309314526470419

10 Asceticacid the Chopper (level 2, 22/22 HPs)
             Began as a Coglin Gladiator on Feb 26, 2024.
             Quit the game on level 1 of the Dungeon.
             The game lasted 00:01:34 (760 turns).

Asceticacid the Chopper (Coglin Gladiator)           Turns: 760, Time: 00:01:35

Health: 22/22      AC:  4    Str: 14    XL:     2   Next: 20%
Magic:  2/2        EV: 12    Int:  7    God:
Gold:   90         SH:  0    Dex: 15    Spells: 1/1 levels left

rFire   . . .        a - +0 war axe {Quintus}
rCold   . . .        (no shield)
rNeg    . . .        b - +0 leather armour
rPois   .            c - +0 helmet
rElec   .            (no cloak)
rCorr   .            (no gloves)
SInv    .            (no boots)
Will    .....        (no amulet)
Stlth   +            (ring unavailable)
HPRegen 0.23/turn    (ring unavailable)
MPRegen 0.08/turn

%: no passive effects
@: no status effects
A: off-hand wielding, slow wielding, warmup strikes, no rings
a: no special abilities


You were on level 1 of the Dungeon.
You visited 1 branch of the dungeon, and saw 1 of its levels.

You collected 90 gold pieces.

Inventory:

Hand Weapons
 a - a +0 war axe (weapon) {Quintus}
Missiles
 d - 3 throwing nets (quivered)
 e - a javelin
Armour
 b - a +0 leather armour (worn)
 c - a +0 helmet (worn)
Scrolls
 f - 3 scrolls of teleportation {unknown}
 g - 2 scrolls of noise {unknown}
 i - 6 scrolls of identify {unknown}
 j - a scroll of fear {unknown}
Potions
 h - a potion of heal wounds {unknown}


   Skills:
 + Level 2.0 Fighting
 + Level 3.3 Axes
 + Level 1.8 Throwing
 + Level 2.9 Dodging


You had one spell level left.
You didn't know any spells.
Your spell library contained the following spells:

 Spells                   Type           Power      Damage    Failure   Level
 Jinxbite                 Hex            0%         N/A       65%         2
 Yara's Violent Unravell  Hex/Alch       0%         3d3       100%        5
 Enfeeble                 Hex            0%         N/A       100%        7


Dungeon Overview and Level Annotations

Branches:
Dungeon (1/15)

Altars:


Innate Abilities, Weirdness & Mutations

You can wield a second weapon in your off-hand.
It takes a long time for you to wield or remove held weapons.
Your first few attacks do less damage.
Your grasper-arms cannot wear rings.


Message History

You slash the bat!
You kill the bat!
Found a peridot ring and 9 gold pieces.
You see here a bat corpse.
You now have 90 gold pieces (gained 9).
You pick up a book of Misfortune and begin reading...
You add the spells Jinxbite, Yara's Violent Unravelling and Enfeeble to your library.
i - 6 scrolls labelled DOXKUA DITSEYMP (gained 3)
There is an open door here.
Things that are here:
a +0 dagger; a kobold skeleton You see here a rat skeleton.
As you open the door, it creaks loudly!
There is an open door here.
There is an open door here.
There is a stone staircase leading down here.
You see here a rat skeleton.
There is a stone staircase leading down here.
You see here a rat skeleton.
You open the door.
There is an open door here.
You enter the shallow water.
Moving in this stuff is going to be slow.
Found two escape hatches in the floor.
Okay, then.
There is an open door here.
Search for what [? for help]? ring Unknown command.
There is an open door here.
You see here a +6 ring of strength.
k - a +6 ring of strength You can't wear that in your present form.
Sorry, you're not good enough to have a special ability.
Okay, then.
You drop a +6 ring of strength.
Okay, then.
Done exploring.
Okay, then.
Unknown command.
Are you sure you want to abandon this character and quit the game? (Confirm with "yes".)

#.....# #.#.#.#####
#.##### #.#.#......
##.#########.#.#######
#............#........
#............#.#######
#............#).......
#............#.#####..
#.....=......#.....#..
#....@.......#####.#..
##.......###.รท.....#..
#.......# #########.#
#.......# #.# #.#.#####
#.# #.#.# #..
#.#.#################
#.#.##...........# ##
#.#.##...........# #.


There were no monsters in sight!

Vanquished Creatures
  A giant cockroach (D:1)
  A goblin (D:1)
  A hobgoblin (D:1)
  A quokka (D:1)
  A ball python (D:1)
  A bat (D:1)
  A frilled lizard (D:1)
  2 kobolds (D:1)
  2 rats (D:1)
11 creatures vanquished.

Notes
Turn   | Place    | Note
-------+----------+-------------------------------------------
     0 | D:1      | Asceticacid the Coglin Gladiator began the quest for the
                  | Orb.
     0 | D:1      | Reached XP level 1. HP: 16/16 MP: 1/1
   282 | D:1      | Reached XP level 2. HP: 20/22 MP: 2/2
   760 | D:1      | Quit the game

Illustrated notes

Levels and vault maps discovered:
D:1:      evilmike_arrival_crescent, layout_basic, glass_columns_c

Action                     || total
---------------------------++-------
  Melee: War axe           ||    17
   Stab: Sleeping          ||     1
 Armour: Leather armour    ||    10
  Dodge: Dodged            ||    14

Table legend: (Time is in decaauts)
 A = Elapsed time spent in this place.
 B = Non-inter-level travel time spent in this place.
 C = Inter-level travel time spent in this place.
 D = Time resting spent in this place.
 E = Time spent auto-exploring this place.
 F = Levels seen in this place.
 G = Mean time per level.
                   A        B        C        D        E       F      G
               +--------+--------+--------+--------+--------+-----+--------+
         Total |    766 |    738 |     28 |      0 |    648 |   1 |  766.0 |
       Dungeon |    766 |    738 |     28 |      0 |    648 |   1 |  766.0 |
               +--------+--------+--------+--------+--------+-----+--------+

Top non-repeatable levels by time:
     D:1: 766 daAuts
